[Event "DEN-chT XtraCon 2018-19"]
[Site "Denmark"]
[Date "2019.03.16"]
[Round "8"]
[White "Matthiesen, Arne"]
[Black "Haubro, Martin"]
[Result "1/2-1/2"]
[ECO "D45"]
[WhiteElo "2290"]
[BlackElo "2358"]
[Annotator "NA"]
[PlyCount "122"]
[EventDate "2018.10.27"]
[EventType "team-tourn"]
[EventCountry "DEN"]
[SourceTitle "playchess.com"]
[Source "ChessBase"]
[SourceQuality "1"]
[TimeControl "40/5400+30:1800+30"]

1. d4 d5 2. c4 e6 3. Nf3 Nf6 4. Nc3 c6 5. e3 Bd6 6. Be2 Nbd7 7. O-O O-O 8. b3 Ne4 9. Nxe4 dxe4 10. Nd2 f5 11. c5 {[%emt 0:06:54] D45: Semi-Slav: 5 e3} (11. Bb2 Qh4 12. g3 Qh6 13. Qc1 Nf6 14. Ba3 Bxa3 15. Qxa3 Bd7 16. Qd6 Rad8 17. h4 Bc8 18. Qe5 Nd7 19. Qf4 {0-1 (60) Teplyi,I (2422)-Grandelius,N (2647) Denmark 2016}) 11... Bc7 12. Nc4 Nf6 13. f3 $146 ({Predecessor:} 13. f4 exf3 14. Bxf3 Bd7 15. Qe2 Qb8 16. g3 Be8 17. Bd2 Qd8 18. Rad1 Bg6 {1-0 (60) Miles,A (2520)-Smagin,S (2540) Philadelphia 1989}) 13... Bd7 14. Qe1 Be8 15. Bd2 exf3 16. Bxf3 Bh5 17. Ba5 b6 18. cxb6 axb6 19. Bb4 Bxf3 20. Bxf8 Bxg2 21. Kxg2 Kxf8 22. Qe2 Kg8 23. a4 Ng4 24. h3 Nf6 25. Nd2 Qd6 26. Rh1 Qg3+ 27. Kf1 Nd5 28. Qf3 Nxe3+ 29. Ke2 Nc2 30. Qxg3 Bxg3 31. Rag1 Bf4 32. Nf3 b5 33. Kd3 Nb4+ 34. Kc3 Nd5+ 35. Kb2 bxa4 36. Ra1 Nb6 37. bxa4 Rxa4 38. Rxa4 Nxa4+ 39. Kb3 Nb6 40. Ra1 g5 {[%emt 0:03:09] [#]} 41. Nxg5 $1 Bxg5 42. Rg1 h6 43. h4 Kf7 44. hxg5 h5 45. g6+ Kg7 46. Re1 Kxg6 47. Rxe6+ Kg5 48. Rxc6 Nd7 49. Rc7 Nf6 50. Rg7+ Kf4 51. Rg6 Ne4 52. d5 h4 53. Kc4 h3 54. Rh6 Kg3 55. Kd4 h2 56. Ke5 Kg2 $11 57. Kxf5 Nd6+ 58. Ke6 Nc4 59. d6 Nxd6 60. Kxd6 h1=Q 61. Rxh1 Kxh1 1/2-1/2

[Event "DEN-chT XtraCon 2018-19"]
[Site "Denmark"]
[Date "2019.03.16"]
[Round "8"]
[White "Sobjerg, Erik"]
[Black "Palm, Nikolaj"]
[Result "1-0"]
[ECO "C28"]
[WhiteElo "2266"]
[BlackElo "2286"]
[Annotator "NA"]
[PlyCount "77"]
[EventDate "2018.10.27"]
[EventType "team-tourn"]
[EventCountry "DEN"]
[SourceTitle "playchess.com"]
[Source "ChessBase"]
[SourceQuality "1"]
[TimeControl "40/5400+30:1800+30"]

1. e4 e5 2. Bc4 Nc6 3. Nc3 Nf6 4. d3 Bc5 5. f4 d6 6. Nf3 a6 7. Rf1 O-O 8. f5 Na5 9. Bg5 Nxc4 10. dxc4 Bb4 11. Qd3 Bxc3+ 12. Qxc3 b5 13. Bxf6 Qxf6 14. g4 Qh6 15. g5 Qh3 16. Rg1 Bb7 $14 17. Qe3 bxc4 18. Rg3 Qh5 19. O-O-O Rad8 20. Rdg1 d5 21. Nxe5 d4 22. Qe1 Rfe8 23. g6 hxg6 24. fxg6 Qxe5 25. gxf7+ Kxf7 26. Qf1+ Ke6 27. Rxg7 Bxe4 28. Qf7+ Kd6 29. Qxc7+ Ke6 30. Qf7+ Kd6 31. Qc7+ Ke6 32. Qxc4+ Qd5 33. Qxa6+ Rd6 34. Qe2 Rf8 35. R1g6+ Rf6 36. Rg4 Ke5 37. Re7+ Rde6 38. Rxe6+ Kxe6 39. Qxe4+ {[%emt 0:00:16] Qd8} 1-0

[Event "DEN-chT XtraCon 2018-19"]
[Site "Denmark"]
[Date "2019.03.16"]
[Round "8"]
[White "Norskov Laursen, Niels"]
[Black "Ochsner, Thomas"]
[Result "1/2-1/2"]
[ECO "C54"]
[WhiteElo "2256"]
[BlackElo "2261"]
[Annotator "NA"]
[PlyCount "52"]
[EventDate "2018.10.27"]
[EventType "team-tourn"]
[EventCountry "DEN"]
[SourceTitle "playchess.com"]
[Source "ChessBase"]
[SourceQuality "1"]
[TimeControl "40/5400+30:1800+30"]

1. e4 e5 2. Nf3 Nc6 3. Bc4 Bc5 4. c3 Nf6 5. d3 a6 6. O-O O-O {[%emt 0:00:18] C54: Giuoco Piano: 4 c3 Nf6, main lines with 5 d4 and 5 d3} 7. Re1 d6 8. a4 h6 9. h3 Ba7 (9... a5 10. Nbd2 Be6 11. b3 d5 12. exd5 Nxd5 13. Ne4 Bb6 14. Ra2 f5 15. Ng3 Qf6 16. Nxe5 Nxe5 {½-½ (40) Ding,L (2813)-Anand,V (2773) Wijk aan Zee 2019}) 10. Nbd2 Be6 11. b4 Qd7 12. Bxe6 fxe6 13. Nc4 $146 ({Predecessor:} 13. Nb3 Rf7 14. Be3 Bxe3 15. Rxe3 Raf8 16. Ra2 Ne7 17. d4 exd4 18. cxd4 Ng6 19. Nbd2 Nf4 20. Qf1 g5 {½-½ (20) Areshchenko,A (2649)-Kovalev,V (2641) Khanty-Mansiysk 2017}) 13... g5 14. Be3 g4 15. hxg4 Nxg4 16. Bxa7 Rxa7 17. Ne3 Qg7 18. Nxg4 Qxg4 19. Re3 Raa8 20. Nh2 Qf4 21. Ra2 Kh7 22. Rf3 Qg5 23. Rg3 Qf4 24. Rf3 $11 (24. Qb3 $16) 24... Qg5 25. Rg3 Qf4 26. Rf3 Rh8 1/2-1/2

[Event "DEN-chT XtraCon 2018-19"]
[Site "Denmark"]
[Date "2019.03.16"]
[Round "8"]
[White "Hove Kristensen, Kaare"]
[Black "Borovnica, Tihomir"]
[Result "1-0"]
[ECO "E91"]
[WhiteElo "2254"]
[BlackElo "2226"]
[Annotator "NA"]
[PlyCount "111"]
[EventDate "2018.10.27"]
[EventType "team-tourn"]
[EventCountry "DEN"]
[SourceTitle "playchess.com"]
[Source "ChessBase"]
[SourceQuality "1"]
[TimeControl "40/5400+30:1800+30"]

1. Nf3 Nf6 2. c4 g6 3. Nc3 Bg7 4. e4 d6 5. d4 O-O 6. Be2 e5 7. O-O Nbd7 8. dxe5 dxe5 9. b4 {[%emt 0:00:49] E94: King's Indian: Classical: 6 Be2 e5 7 0-0: Various Black 7th moves} (9. Bg5 h6 10. Bh4 c6 11. Qd6 Re8 12. Rad1 Qb6 13. b3 Bf8 14. Qd3 Nh5 15. Qc2 Nc5 16. Rfe1 Ne6 17. Bf1 Nef4 18. Na4 {0-1 (39) Gunina,V (2502)-Movsesian,S (2659) Minsk 2015}) 9... c6 10. a4 a5 $146 ({Predecessor:} 10... Nh5 11. Bb2 Nf4 12. Qc2 f5 13. Rfd1 Nxe2+ 14. Qxe2 Qe7 15. c5 Re8 {0-1 (48) Turcan,M (1750)-Kreyderman,K Eforie Nord 1998}) 11. b5 Nc5 12. Qc2 Re8 13. Rd1 Nfd7 14. Ba3 Qf6 15. Ra2 Bf8 16. Qb1 Be7 17. h3 Nf8 18. Qc1 Nfe6 19. Qe3 Qg7 20. Nd5 cxd5 21. exd5 Nd4 22. d6 Bxd6 23. Nxd4 Bf8 24. Nf5 Bxf5 25. Bxc5 Rac8 26. Bxf8 Qxf8 27. Qb6 Qb4 28. Qxb7 e4 29. Qb6 Qb3 30. Rad2 Qxa4 31. Rd8 Rcxd8 32. Rxd8 Qa1+ 33. Rd1 Qb2 34. Bf1 a4 35. Qd4 Qxd4 36. Rxd4 a3 37. Rd2 e3 38. Ra2 Bb1 39. Ra1 a2 40. fxe3 Rxe3 41. c5 Rb3 {[%emt 0:12:00] [#]} 42. b6 $1 Kf8 43. Bc4 Rb2 44. Bxa2 Bxa2 45. Rxa2 Rxa2 46. b7 Rb2 47. c6 Kg7 48. c7 Rxb7 49. c8=Q Rb1+ 50. Kh2 h5 51. Qc3+ Kg8 52. Kg3 Rf1 53. Qd3 Rc1 54. Kh4 $18 Kh7 55. Kg5 Rg1 56. Qf3 1-0

[Event "DEN-chT XtraCon 2018-19"]
[Site "Denmark"]
[Date "2019.03.16"]
[Round "8"]
[White "Rosenkilde, Alexander"]
[Black "Ostergaard, Jens"]
[Result "0-1"]
[ECO "A40"]
[WhiteElo "2253"]
[BlackElo "2206"]
[Annotator "NA"]
[PlyCount "92"]
[EventDate "2018.10.27"]
[EventType "team-tourn"]
[EventCountry "DEN"]
[SourceTitle "playchess.com"]
[Source "ChessBase"]
[SourceQuality "1"]
[TimeControl "40/5400+30:1800+30"]

1. d4 Nf6 2. c4 e6 3. g3 d5 4. Nf3 Bb4+ 5. Bd2 Bd6 (5... Be7 6. Bg2 O-O 7. O-O c6 8. Qc2 Nbd7 9. Bf4 b6 10. Rd1 Ba6 11. cxd5 cxd5 12. Ne5 Nxe5 13. dxe5 Ng4 14. Bf3 f5 15. exf6 Nxf6 16. Qa4 Bb7 17. Nd2 Qe8 18. Qxe8 Rfxe8 {½-½ (29) Giri,A (2783)-Ding,L (2813) Wijk aan Zee 2019}) 6. Bg2 {[%emt 0:00:32] E01: Catalan: Early deviations} O-O 7. O-O c6 8. Qc2 b6 9. Bg5 h6 10. Bxf6 Qxf6 11. Nbd2 Ba6 $146 ({Predecessor:} 11... Rd8 12. Rfd1 Bb7 {0-1 (32) Thiyasara,K (1857)-Amarasinghe,A (1982) Colombo 2017}) 12. e4 Qd8 13. Rfd1 Bb7 14. Rac1 Nd7 15. e5 Be7 16. cxd5 cxd5 17. Bf1 a6 18. Qb3 b5 19. a4 b4 20. Bd3 a5 21. Bb1 Ba6 22. Qc2 g6 23. Nf1 Kg7 24. b3 Rc8 25. Qd2 Qb6 26. Ne3 Rc3 27. h4 h5 28. g4 Rh8 29. Rxc3 bxc3 30. Qxc3 Be2 31. Nh2 Bxd1 32. Nxd1 hxg4 33. Nxg4 Rxh4 34. Nde3 Qb4 35. Qxb4 Bxb4 36. f3 Bc3 37. Nc2 f5 38. exf6+ Nxf6 39. Ne5 Rxd4 40. Ne3 Rd2 41. Nc6 d4 42. Nf1 Rb2 43. Bd3 Nd5 44. Ng3 Nf4 45. Bf1 d3 $19 46. Ne4 Bf6 0-1

[Event "DEN-chT XtraCon 2018-19"]
[Site "Denmark"]
[Date "2019.03.16"]
[Round "8"]
[White "Matthiesen, Martin"]
[Black "Rostgaard, Tobias Valentin"]
[Result "0-1"]
[ECO "E11"]
[WhiteElo "2251"]
[BlackElo "2388"]
[Annotator "NA"]
[PlyCount "102"]
[EventDate "2018.10.27"]
[EventType "team-tourn"]
[EventCountry "DEN"]
[SourceTitle "playchess.com"]
[Source "ChessBase"]
[SourceQuality "1"]
[TimeControl "40/5400+30:1800+30"]

1. d4 Nf6 2. c4 e6 3. Nf3 Bb4+ 4. Nbd2 O-O 5. a3 Be7 6. e4 d6 {[%emt 0:00:05] E11: Bogo-Indian} (6... d5 7. e5 Nfd7 8. Bd3 c5 9. h4 g6 10. O-O Nc6 11. Nb3 dxc4 12. Bxc4 cxd4 13. Re1 a5 14. Bh6 Re8 15. Rc1 Nb6 {1-0 (39) Ding,L (2804)-Saric,I (2689) Batumi 2018}) 7. Bd3 c5 8. d5 Nbd7 9. h3 e5 10. g4 Re8 11. Nf1 Nf8 12. Ng3 $146 ({Predecessor:} 12. Be3 Ng6 13. Qd2 Bf8 14. Ng3 b5 15. b3 Rb8 16. Kf1 bxc4 17. bxc4 Rb3 18. Be2 Rb2 19. Qc1 Qb6 20. g5 Nd7 {1-0 (20) Brink,B (2339)-Minko,V (2411) Barcelona 2017}) 12... Ng6 13. g5 Nd7 14. Nh5 a6 15. Kf1 Ndf8 16. a4 Bd7 17. Kg2 f6 18. gxf6 $1 Bxf6 19. Kh2 Nf4 20. Nxf4 exf4 21. Bxf4 Ng6 22. Bg3 $1 Bxb2 23. Rb1 Bf6 ({Black should try} 23... Qf6 $11) 24. Bxd6 Bxa4 25. Qxa4 Qxd6+ 26. Kg1 Nf4 27. Qd1 b5 28. cxb5 axb5 29. Rxb5 Ra1 30. Rb1 Rea8 31. Bc2 Rxb1 32. Bxb1 Ra1 33. Kh2 Be5 34. Nxe5 Qxe5 35. Qg4 $17 Nxd5+ 36. Kg2 Nf4+ 37. Kh2 Ra3 38. Qc8+ Kf7 39. Qd7+ Kg6 40. Qf5+ Qxf5 41. exf5+ Kf6 42. Rd1 Rxh3+ 43. Kg1 Rc3 44. Rd6+ Ke5 45. Rb6 h5 46. Kh2 Rc4 47. Rb7 Rb4 48. Re7+ Kf6 49. Re1 h4 50. f3 Rb2+ 51. Kh1 Ne2 0-1

[Event "DEN-chT XtraCon 2018-19"]
[Site "Denmark"]
[Date "2019.03.16"]
[Round "8"]
[White "Aaes Nielsen, Lars"]
[Black "Firooznia, Farzam"]
[Result "1-0"]
[ECO "B27"]
[WhiteElo "2229"]
[BlackElo "2104"]
[Annotator "NA"]
[PlyCount "57"]
[EventDate "2018.10.27"]
[EventType "team-tourn"]
[EventCountry "DEN"]
[SourceTitle "playchess.com"]
[Source "ChessBase"]
[SourceQuality "1"]
[TimeControl "40/5400+30:1800+30"]

1. e4 c5 2. Nf3 g6 3. c3 Bg7 4. d4 cxd4 5. cxd4 d5 6. exd5 Nf6 7. Bb5+ Nbd7 8. d6 O-O 9. O-O exd6 10. Nc3 a6 {[%emt 0:01:01] B10: Caro-Kann: 2 d3 and 2 c4} 11. Bd3 Nb6 (11... b5 12. a4 bxa4 13. Rxa4 Qb6 14. Ra2 Bb7 15. Na4 Qa7 16. Be2 Nd5 17. Nc3 N7f6 18. Bd2 {0-1 (52) Azarov,S (2583)-Gashimov,V (2658) Moscow 2007}) 12. h3 Bd7 $146 ({Predecessor:} 12... Be6 13. Re1 Qd7 {½-½ (13) Lukovnikov,A (2270)-Uryupin,I (2232) Tambov 2015}) 13. Bg5 h6 14. Bh4 Bc6 15. Re1 Nbd5 16. Bg3 Qd7 17. Rc1 Rfe8 18. Bb1 Rxe1+ 19. Nxe1 Re8 20. Qb3 Re6 21. Nd3 Qe7 22. a3 Nxc3 23. bxc3 Nh5 24. d5 Nxg3 25. fxg3 Re2 26. dxc6 Qe3+ 27. Kh2 Be5 28. Nxe5 Qxe5 29. Rf1 $18 1-0

[Event "DEN-chT XtraCon 2018-19"]
[Site "Denmark"]
[Date "2019.03.16"]
[Round "8"]
[White "Jakslan, Tim"]
[Black "Rathlev, Jacob"]
[Result "1/2-1/2"]
[ECO "A14"]
[WhiteElo "2228"]
[BlackElo "2228"]
[Annotator "NA"]
[PlyCount "65"]
[EventDate "2018.10.27"]
[EventType "team-tourn"]
[EventCountry "DEN"]
[SourceTitle "playchess.com"]
[Source "ChessBase"]
[SourceQuality "1"]
[TimeControl "40/5400+30:1800+30"]

1. Nf3 d5 2. c4 e6 3. g3 Nf6 4. Bg2 Be7 5. O-O O-O 6. b3 b6 7. cxd5 exd5 8. Bb2 Bb7 9. d4 c5 10. Nc3 Nc6 11. Rc1 Rc8 12. e3 Qc7 13. dxc5 bxc5 14. Nh4 d4 15. Na4 Ba6 16. exd4 Rfd8 17. Nf5 Bxf1 18. Qxf1 $16 ({Much less strong is} 18. Kxf1 $6 Qd7 $14) 18... Bf8 19. dxc5 Rd2 20. Qc4 Qd7 21. Bh3 Rd1+ 22. Kg2 Rxc1 23. Bxc1 Qb7 24. f3 Rd8 25. Bf4 Rd1 26. Nc3 Ra1 27. Nd6 Qe7 28. Nxf7 Na5 29. Nh6+ Kh8 30. Nf7+ Kg8 31. Nh6+ Kh8 32. Nf7+ Kg8 33. Nh6+ 1/2-1/2

[Event "DEN-chT XtraCon 2018-19"]
[Site "Denmark"]
[Date "2019.03.16"]
[Round "8"]
[White "Seegert, Kristian"]
[Black "Ramsdal, Jens Albert"]
[Result "1/2-1/2"]
[ECO "C41"]
[WhiteElo "2227"]
[BlackElo "2235"]
[Annotator "NA"]
[PlyCount "101"]
[EventDate "2018.10.27"]
[EventType "team-tourn"]
[EventCountry "DEN"]
[SourceTitle "playchess.com"]
[Source "ChessBase"]
[SourceQuality "1"]
[TimeControl "40/5400+30:1800+30"]

1. e4 e5 2. Nf3 d6 3. d4 exd4 4. Nxd4 Nf6 5. Nc3 Be7 6. Bd3 O-O 7. O-O c5 8. Nde2 Nc6 9. Nf4 {[%emt 0:02:29] C41: Philidor Defence} a6 (9... Re8 10. Nfd5 Nxd5 11. Nxd5 Bf6 12. c3 Rb8 13. a4 a6 14. Qh5 Ne5 15. Bc2 Bg4 16. Nxf6+ Qxf6 {½-½ (27) Ruiz Castillo,J (2391)-Shabalov,A (2528) Las Vegas 2013}) 10. a4 Ne5 11. b3 Bd7 $146 ({Predecessor:} 11... Re8 12. Nfd5 Nxd5 13. Nxd5 Bf8 14. f4 Nxd3 15. Qxd3 Bd7 16. Bb2 Bc6 {½-½ (40) Robinson,A-Hanham,J New York 1912}) 12. Bb2 Bc6 13. Re1 Rb8 14. a5 Ne8 15. Nfd5 Nxd3 16. Nxe7+ Qxe7 17. Qxd3 Qg5 18. Re3 Rd8 19. Rd1 f5 20. Qc4+ Kh8 21. Rg3 Qh5 22. Re1 Nf6 23. Nd5 Bxd5 24. exd5 Rde8 25. Rf1 Re7 26. Qf4 Ne4 27. Rh3 Qg5 28. Qxg5 Nxg5 29. Re3 Rxe3 30. fxe3 Kg8 31. Rf4 g6 32. Kf2 Re8 33. Ke2 Re4 34. h4 Rxf4 35. exf4 Ne4 36. Kd3 Kf7 37. b4 cxb4 38. Kc4 Ng3 39. Bc1 Ne4 40. Kxb4 Ke7 41. Be3 Kd7 42. c4 Nf6 43. Bd4 Nh5 44. Be3 Nf6 45. Kc3 Kc7 46. Bb6+ Kd7 47. Kd4 Nh5 48. Ke3 Nf6 49. Kd4 $11 Nh5 50. Ke3 Nf6 51. Kd4 1/2-1/2

[Event "DEN-chT XtraCon 2018-19"]
[Site "Denmark"]
[Date "2019.03.16"]
[Round "8"]
[White "Kristensen, Bjarke Hautop"]
[Black "Brynell, Stellan"]
[Result "0-1"]
[ECO "A05"]
[WhiteElo "2223"]
[BlackElo "2403"]
[Annotator "ChessBase"]
[PlyCount "60"]
[EventDate "2018.10.27"]
[EventType "team-tourn"]
[EventCountry "DEN"]
[SourceTitle "playchess.com"]
[Source "ChessBase"]
[SourceQuality "1"]
[TimeControl "40/5400+30:1800+30"]

1. Nf3 Nf6 2. c4 e6 3. Nc3 d5 4. e3 Be7 5. b3 O-O 6. Bb2 c5 7. cxd5 exd5 8. d4 Nc6 9. Be2 Ne4 10. O-O Bf6 11. Na4 Bg4 12. dxc5 Bxb2 13. Nxb2 Nc3 14. Qc2 Nxe2+ 15. Qxe2 Ne5 16. Nd3 Nxf3+ 17. gxf3 Bh3 18. f4 Qf6 19. Qh5 Bxf1 20. Rxf1 Rfe8 21. Ne5 Rad8 22. Rd1 d4 23. Ng4 Qc6 24. Ne5 Qf6 25. Ng4 Qe7 26. exd4 Qe2 27. Rf1 Rxd4 28. Qg5 Re6 29. h3 h6 30. Qf5 Qf3 0-1

[Event "DEN-chT XtraCon 2018-19"]
[Site "Denmark"]
[Date "2019.03.16"]
[Round "8"]
[White "Christensen, Thomas"]
[Black "Vesterli, Michael E."]
[Result "0-1"]
[ECO "E61"]
[WhiteElo "2207"]
[BlackElo "2204"]
[Annotator "NA"]
[PlyCount "80"]
[EventDate "2018.10.27"]
[EventType "team-tourn"]
[EventCountry "DEN"]
[SourceTitle "playchess.com"]
[Source "ChessBase"]
[SourceQuality "1"]
[TimeControl "40/5400+30:1800+30"]

1. d4 Nf6 2. c4 g6 3. Nc3 Bg7 4. Nf3 O-O 5. Bg5 c5 6. d5 d6 7. e4 e6 8. Bd3 {[%emt 0:09:06] LiveBook: 3 Games} exd5 9. cxd5 a6 10. a4 Bg4 11. h3 Bxf3 12. Qxf3 Nbd7 13. Qe2 Qc7 14. O-O Rae8 15. Qc2 c4 16. Be2 Nc5 17. f3 Nh5 18. Bxc4 Bd4+ 19. Kh2 Be5+ 20. Kg1 Bd4+ 21. Kh2 Be5+ 22. Kg1 Ng3 $15 23. Rfe1 f5 24. Bd3 Nxd3 25. Qxd3 Qb6+ 26. Be3 Qxb2 27. Rac1 Qb4 $17 28. exf5 Nxf5 29. Bf2 Qf4 30. Ne2 Qh2+ 31. Kf1 Qh1+ 32. Ng1 Bh2 33. Bb6 Nh4 34. Re2 Bxg1 35. Bxg1 Nxf3 36. gxf3 Rxf3+ 37. Qxf3 Qxf3+ 38. Rf2 Qxh3+ 39. Rg2 Qd3+ 40. Re2 Qxe2# {[%emt 0:00:06] Ke1} 0-1

[Event "DEN-chT XtraCon 2018-19"]
[Site "Denmark"]
[Date "2019.03.16"]
[Round "8"]
[White "Nordenbaek, Jan"]
[Black "Grubert, Christian"]
[Result "1-0"]
[ECO "B27"]
[WhiteElo "2188"]
[BlackElo "2161"]
[Annotator "NA"]
[PlyCount "91"]
[EventDate "2018.10.27"]
[EventType "team-tourn"]
[EventCountry "DEN"]
[SourceTitle "playchess.com"]
[Source "ChessBase"]
[SourceQuality "1"]
[TimeControl "40/5400+30:1800+30"]

1. e4 c5 2. Nf3 g6 3. c3 Bg7 4. d4 cxd4 5. cxd4 d5 6. e5 Nc6 7. h3 Nh6 8. Nc3 O-O 9. Bb5 f6 10. O-O Nf7 {[%emt 0:03:22] B22: Sicilian: 2 c3} 11. exf6 Bxf6 12. Re1 e6 (12... Qd6 13. Be3 a6 14. Bf1 b5 15. Qd2 e6 16. g3 Qd8 17. Rac1 Bd7 18. b3 {1-0 (49) Wang,H (2730)-Nava,R (2392) Makati 2018}) 13. b3 $146 ({Predecessor:} 13. Bxc6 bxc6 14. Bf4 Nd6 15. Bxd6 Qxd6 16. Rc1 Rb8 17. Na4 Rb4 18. a3 {1-0 (39) Cappon,J (2219)-Bianchi,G (2113) Cappelle-la-Grande 2017}) 13... Qa5 14. Bb2 Nd6 15. Bxc6 bxc6 16. Rc1 Bd7 17. Qd2 Qd8 18. Ba3 Be7 19. Qd3 Nf5 20. Bxe7 Qxe7 21. Na4 Qf6 22. Nc5 Bc8 23. Rc2 Rf7 24. Ne5 Rc7 25. Rce2 Rb8 $18 26. a3 Rb6 27. b4 Re7 28. Ng4 Qg7 29. Nxe6 Bxe6 30. Rxe6 Rxe6 31. Rxe6 Qxd4 32. Nh6+ Kf8 33. Qf3 Rb7 34. Nxf5 gxf5 35. Rxc6 Rf7 36. Rc8+ Kg7 37. Qg3+ Kh6 38. Rc6+ Rf6 39. Qe3+ Qxe3 40. Rxf6+ Kg7 41. Rf7+ Kxf7 42. fxe3 Ke6 43. Kf2 Ke5 44. Ke2 Ke4 45. a4 d4 46. b5 1-0

[Event "DEN-chT XtraCon 2018-19"]
[Site "Denmark"]
[Date "2019.03.16"]
[Round "8"]
[White "Andersen, Ib Hother"]
[Black "Hoffmann, Tobias"]
[Result "1/2-1/2"]
[ECO "A04"]
[WhiteElo "2155"]
[BlackElo "2056"]
[Annotator "ChessBase"]
[PlyCount "149"]
[EventDate "2018.10.27"]
[EventType "team-tourn"]
[EventCountry "DEN"]
[SourceTitle "playchess.com"]
[Source "ChessBase"]
[SourceQuality "1"]
[TimeControl "40/5400+30:1800+30"]

1. Nf3 Nc6 2. d4 d5 3. Bf4 Bg4 4. Nbd2 e6 5. h3 Bh5 6. c3 Bd6 7. Bxd6 Qxd6 8. e3 f6 9. Be2 Nge7 10. Qa4 O-O 11. O-O a6 12. Rfe1 b5 13. Qc2 Na5 14. e4 Qd8 15. Bd3 h6 16. a4 Qd7 17. axb5 axb5 18. exd5 Nxd5 19. Nh4 Bf7 20. Bh7+ Kh8 21. Ng6+ Bxg6 22. Bxg6 f5 23. Bh5 Nc6 24. Rxa8 Rxa8 25. Nb3 Nd8 26. Nc5 Qd6 27. Bf3 c6 28. g3 Ra7 29. Qe2 Re7 30. Qe5 Qxe5 31. Rxe5 g6 32. Re1 Kg7 33. Ra1 Kf6 34. Ra8 Nf7 35. Rc8 Rc7 36. Rxc7 Nxc7 37. Bxc6 e5 38. Nd7+ Ke6 39. Nxe5 Nxe5 40. dxe5 Kxe5 41. f4+ Kd6 42. Bf3 Kc5 43. Bd1 Kc4 44. Bc2 Nd5 45. Kf2 Nf6 46. Kf3 h5 47. h4 Nd5 48. Ke2 Nf6 49. Ke3 Nd5+ 50. Kd2 Nf6 51. Bd3+ Kc5 52. b4+ Kc6 53. Ke3 Ng4+ 54. Kd4 Nf2 55. c4 bxc4 56. Bxc4 Kb6 57. Ke5 Ne4 58. Bd3 Nxg3 59. Kf6 Kc6 60. Kxg6 Kd5 61. Bxf5 Kc4 62. Kg5 Kxb4 63. Bg6 Kc5 64. Bxh5 Kd6 65. Bf3 Ke6 66. Kg6 Ke7 67. h5 Kf8 68. h6 Kg8 69. Bg4 Kh8 70. Bf3 Kg8 71. Bd5+ Kh8 72. Be6 Ne2 73. f5 Nd4 74. Kf7 Nxf5 75. Bxf5 1/2-1/2

[Event "DEN-chT XtraCon 2018-19"]
[Site "Denmark"]
[Date "2019.03.16"]
[Round "8"]
[White "Rasmussen, Henning"]
[Black "Dougherty, Thomas J S"]
[Result "1-0"]
[ECO "B06"]
[WhiteElo "2142"]
[BlackElo "2075"]
[Annotator "NA"]
[PlyCount "83"]
[EventDate "2018.10.27"]
[EventType "team-tourn"]
[EventCountry "DEN"]
[SourceTitle "playchess.com"]
[Source "ChessBase"]
[SourceQuality "1"]
[TimeControl "40/5400+30:1800+30"]

1. d4 g6 2. e4 Bg7 3. Nc3 d6 4. Be3 c6 5. Nf3 Nf6 6. h3 O-O 7. Bd3 b5 8. O-O {[%emt 0:02:05] LiveBook: 22 Games} Bb7 9. a3 a5 10. e5 dxe5 11. Nxe5 Nbd7 12. f4 Nb6 13. Qf3 $11 Qc7 14. Ne4 Nxe4 15. Bxe4 Nc4 16. Nxc4 bxc4 17. f5 Qb6 18. c3 Qb5 19. a4 Qa6 20. Rae1 Rae8 21. g4 Ba8 22. g5 Qb7 23. Rf2 f6 24. fxg6 f5 25. gxh7+ Kh8 26. Bb1 Qb3 27. Bf4 c5 28. d5 e5 29. Rfe2 e4 30. Qe3 Bxd5 31. Qxc5 Bf7 32. Bd6 Rc8 33. Qxa5 Rfd8 34. Be5 Rd5 35. Bxg7+ Kxg7 36. Qa6 Rc7 37. Qh6+ Kh8 38. Qf6+ Kxh7 39. Rxe4 fxe4 40. Bxe4+ Kg8 41. Bxd5 Qxa4 42. Qd8+ 1-0

[Event "DEN-chT XtraCon 2018-19"]
[Site "Denmark"]
[Date "2019.03.16"]
[Round "8"]
[White "Pedersen, Lars"]
[Black "Jakobsen, Peter"]
[Result "0-1"]
[ECO "A30"]
[WhiteElo "2093"]
[BlackElo "2238"]
[Annotator "NA"]
[PlyCount "74"]
[EventDate "2018.10.27"]
[EventType "team-tourn"]
[EventCountry "DEN"]
[SourceTitle "playchess.com"]
[Source "ChessBase"]
[SourceQuality "1"]
[TimeControl "40/5400+30:1800+30"]

1. Nf3 Nf6 2. c4 c5 3. g3 b6 4. Bg2 Bb7 5. O-O e6 6. Nc3 Be7 7. Re1 d5 8. cxd5 exd5 9. d4 O-O 10. b3 {[%emt 0:09:16] LiveBook: 24 Games} Nbd7 {[%emt 0:07:15] E17: Queen's Indian: 4 g3 Bb7 5 Bg2 Be7} 11. Bb2 Re8 12. Rc1 Rc8 13. e3 Nf8 14. Ne5 Ne6 {[%emt 0:12:15] [#]} 15. a3 $146 ({Predecessor:} 15. Qd3 Bd6 16. Rcd1 cxd4 17. exd4 a6 {1-0 (37) Tkachiev,V (2642)-Ponomariov,R (2739) Moscow 2009}) 15... a6 16. Kh1 Bf8 17. f4 b5 18. dxc5 Bxc5 19. b4 Bb6 20. a4 Qe7 21. axb5 axb5 22. Nxd5 Bxd5 23. Bxd5 Rxc1 $11 24. Bxc1 Qxb4 25. Bf3 Ne4 26. Qe2 Rc8 27. Rf1 h6 28. Qd3 Rxc1 29. Bxe4 Rxf1+ 30. Kg2 Rc1 31. Bh7+ Kf8 32. Nd7+ Ke7 33. Nxb6 Qd6 34. Qxb5 Rc5 35. Qb3 g6 36. f5 Qc6+ 37. Kh3 Ng5+ 0-1

[Event "DEN-chT XtraCon 2018-19"]
[Site "Denmark"]
[Date "2019.03.16"]
[Round "8"]
[White "Skjoldager, Per"]
[Black "Kjems Hove, Esben"]
[Result "0-1"]
[ECO "B12"]
[WhiteElo "2049"]
[BlackElo "2315"]
[Annotator "NA"]
[PlyCount "68"]
[EventDate "2018.10.27"]
[EventType "team-tourn"]
[EventCountry "DEN"]
[SourceTitle "playchess.com"]
[Source "ChessBase"]
[SourceQuality "1"]
[TimeControl "40/5400+30:1800+30"]

1. e4 c6 2. d4 d5 3. e5 Bf5 4. Nc3 e6 5. g4 Bg6 6. Nge2 c5 7. h4 h5 8. Nf4 Bh7 9. Nxh5 cxd4 10. Qxd4 Nc6 {[%emt 0:02:35] B12: Caro-Kann: Advance Variation} 11. Bb5 a6 12. Bxc6+ bxc6 13. Bg5 Qa5 (13... Qb8 14. O-O-O Qa7 15. Qa4 Qd7 16. f4 c5 17. f5 Qxa4 18. Nxa4 {0-1 (58) Sadler,M (2626)-Dreev,A (2682) Dordrecht 2004}) 14. Bd2 $146 ({Predecessor:} 14. O-O-O Rb8 15. Qa7 Qb4 16. b3 Ne7 17. Nxg7+ Bxg7 18. Bxe7 {½-½ (30) McCarthy,D (1878)-Bullen,A (2045) Cardiff 2016}) 14... c5 15. Qf4 Qc7 16. Qa4+ Qd7 17. Qxd7+ Kxd7 18. O-O-O Kc6 19. f4 {[%emt 0:00:54] [#]} Nh6 (19... d4 $1 $17 20. Na4 Nh6) 20. Rhg1 Bg6 21. f5 Bxh5 22. Bxh6 Rxh6 23. gxh5 d4 24. Ne4 exf5 25. Ng5 Rxh5 26. Nxf7 Rxh4 27. Rg6+ Kd5 28. b3 Rg4 29. c4+ Ke4 30. Re1+ Kf3 31. Ng5+ Kf2 32. Kd2 $2 (32. Rh1) 32... Be7 $19 33. Nh3+ Kg3 34. Re6 Bd8 0-1